[Event "Titled Tuesday Blitz November 07 Late 2023"]
[White "Tristan, Leonardo"]
[Black "Olenik Campa, Rudi"]
[WhiteFideId "113816"]
[BlackFideId "14633264"]
[WhiteElo "2738"]
[BlackElo "2410"]
[Result "1-0"]
[Round "1"]
[TimeControl "180+1"]
[Date "2023.11.07"]
[WhiteClock "0:01:18"]
[BlackClock "0:00:42"]
[Board "71"]

1. d4 Nf6 2. Nf3 d5 3. Bf4 c5 4. e3 Nc6 5. c3 Qb6 6. Qc2 g6 7. Nbd2 Bf5 8. dxc5 Qxc5 9. Qb3 Qb6 10. Qxb6 axb6 11. Bb5 Bd7 12. h3 Bg7 13. O-O O-O 14. Rfe1 Rfc8 15. a3 Ne8 16. Rad1 Nc7 17. Bf1 e5 18. Bh2 Re8 19. Nc4 dxc4 20. Rxd7 Ne6 21. Bxc4 Rab8 22. Red1 Kf8 23. Bd5 h6 24. Rxb7 Rbd8 25. Rxb6 Na5 26. e4 f5 27. Rd2 Nc5 28. Rb5 Nxe4 29. Bxe4 fxe4 30. Rxa5 exf3 31. Rxd8 Rxd8 32. Bxe5 1-0


[Site "https://www.chess.com"]

[Event "Titled Tuesday Blitz November 07 Late 2023"]
[White "Carrasco Miranda, Andres"]
[Black "Tatarinov, Dmitry"]
[WhiteFideId "3405990"]
[BlackFideId "24160067"]
[WhiteElo "2404"]
[BlackElo "2737"]
[Result "1-0"]
[Round "1"]
[TimeControl "180+1"]
[Date "2023.11.07"]
[WhiteClock "0:01:37"]
[BlackClock "0:01:35"]
[Board "72"]

1. d4 Nf6 2. c4 g6 3. g3 Bg7 4. Bg2 O-O 5. Nc3 d6 6. Nf3 Nc6 7. O-O a6 8. Bf4 Rb8 9. Rc1 Nd7 10. d5 Nce5 11. Nxe5 Nxe5 12. b3 b5 13. cxb5 axb5 14. Qd2 b4 15. Na4 Bd7 16. Bh6 Bxh6 17. Qxh6 Bxa4 18. bxa4 Ra8 19. f4 Nd7 20. f5 Rxa4 21. fxg6 fxg6 22. Bh3 Rxf1+ 23. Rxf1 Nf6 24. Be6+ Kh8 25. g4 Ra8 26. g5 Nh5 27. Rf7 Qg8 28. Rxe7 Qg7 29. Rxg7 Nxg7 30. Qh4 Rxa2 31. Qxb4 Ra8 32. Qb7 1-0


[Site "https://www.chess.com"]

[Event "Titled Tuesday Blitz November 07 Late 2023"]
[White "Haydon, David L"]
[Black "UK_23"]
[WhiteFideId "415405"]
[WhiteElo "2732"]
[BlackElo "2397"]
[Result "0-1"]
[Round "1"]
[TimeControl "180+1"]
[Date "2023.11.07"]
[WhiteClock "0:02:38"]
[BlackClock "0:01:47"]
[Board "73"]

1. d4 d5 2. Nf3 Nf6 3. c4 e6 4. cxd5 exd5 5. Nc3 Be7 6. Bf4 O-O 7. e3 c6 8. Bd3 Bg4 9. h3 Bh5 10. g4 Bg6 11. Ne5 Bxd3 12. Qxd3 Nbd7 13. O-O-O Qa5 14. Kb1 Nxe5 15. Bxe5 Nd7 16. Bg3 b5 17. Rc1 Rfc8 18. Rc2 Nb6 19. b3 b4 20. Ne2 c5 21. dxc5 Rxc5 22. Rxc5 Bxc5 23. Rc1 Bf8 24. Nd4 Rc8 25. Nc6 Rxc6 26. Rxc6 g6 27. Be5 Qa3 0-1


[Site "https://www.chess.com"]

[Event "Titled Tuesday Blitz November 07 Late 2023"]
[White "Goncalves, Davi Sulzbacher"]
[Black "Alex_Sahakyan2006"]
[WhiteFideId "2154510"]
[WhiteElo "2397"]
[BlackElo "2729"]
[Result "1-0"]
[Round "1"]
[TimeControl "180+1"]
[Date "2023.11.07"]
[WhiteClock "0:02:04"]
[BlackClock "0:02:10"]
[Board "74"]

1. e4 c5 2. Nf3 d6 3. d4 cxd4 4. Nxd4 Nf6 5. Nc3 Bd7 6. Bg5 Nc6 7. f4 e6 8. Nxc6 Bxc6 9. e5 dxe5 10. Qxd8+ Rxd8 11. fxe5 h6 12. Bxf6 gxf6 13. exf6 Bc5 14. Bb5 1-0


[Site "https://www.chess.com"]

[Event "Titled Tuesday Blitz November 07 Late 2023"]
[White "Rastbod, Ali"]
[Black "Oglaza, Oskar"]
[WhiteFideId "12567477"]
[BlackFideId "1194402"]
[WhiteElo "2729"]
[BlackElo "2394"]
[Result "1-0"]
[Round "1"]
[TimeControl "180+1"]
[Date "2023.11.07"]
[WhiteClock "0:00:11"]
[BlackClock "0:00:06"]
[Board "75"]

1. e4 c5 2. Nc3 a6 3. g3 b5 4. Bg2 Bb7 5. Nge2 b4 6. Nd5 e6 7. Ne3 Qc7 8. O-O Nc6 9. d3 Nf6 10. f4 d6 11. g4 Be7 12. Ng3 h6 13. c3 g5 14. f5 e5 15. Nd5 Qd8 16. Be3 a5 17. a3 bxc3 18. bxc3 Nb8 19. Nxf6+ Bxf6 20. Rb1 Bc6 21. Nh5 Nd7 22. h3 Ke7 23. d4 Qc7 24. h4 gxh4 25. Qd2 Rag8 26. Nxf6 Kxf6 27. Bh3 Bxe4 28. Rbe1 d5 29. Kh2 exd4+ 30. Bf4 Ne5 31. cxd4 cxd4 32. Qxd4 Re8 33. Rc1 Qd6 34. Rfe1 Qxa3 35. Rc6+ Re6 36. Qxe5+ Ke7 37. f6+ Ke8 38. Rc8+ Kd7 39. Qc7# 1-0


[Site "https://www.chess.com"]

[Event "Titled Tuesday Blitz November 07 Late 2023"]
[White "Inepton_Fermion"]
[Black "Mladenovic, Stefan"]
[BlackFideId "942227"]
[WhiteElo "2392"]
[BlackElo "2726"]
[Result "1-0"]
[Round "1"]
[TimeControl "180+1"]
[Date "2023.11.07"]
[WhiteClock "0:00:02"]
[BlackClock "0:00:03"]
[Board "76"]

1. Nf3 Nf6 2. b3 e6 3. Bb2 d5 4. e3 Be7 5. c4 O-O 6. Be2 c5 7. O-O Nc6 8. cxd5 Nxd5 9. Nc3 Bf6 10. Qc1 Ndb4 11. Ne4 Bxb2 12. Qxb2 Qd5 13. Nc3 Qf5 14. a3 Nd3 15. Qc2 Nf4 16. Qxf5 Nxe2+ 17. Nxe2 exf5 18. Rac1 b6 19. b4 Ba6 20. Rfe1 c4 21. Ned4 Nxd4 22. Nxd4 b5 23. Nxf5 Rfd8 24. Nd4 Rd5 25. Ra1 Bb7 26. a4 bxa4 27. Rxa4 a6 28. Rc1 Rc8 29. Ra3 Rd6 30. Rac3 Bd5 31. f3 f6 32. d3 Bf7 33. dxc4 Rb6 34. b5 axb5 35. cxb5 Rxc3 36. Rxc3 h5 37. Rc8+ Kh7 38. Rc6 Rb8 39. Rc7 Bg6 40. Kf2 Bd3 41. Rc3 Bg6 42. Rc6 Bd3 43. b6 Bg6 44. h4 Be8 45. Rd6 Kg6 46. Ne6 Kf7 47. Nc5 Ke7 48. Re6+ Kf7 49. g3 Bd7 50. Rd6 Be8 51. e4 Bb5 52. Ke3 Ke7 53. Re6+ Kf7 54. Kd4 Ba4 55. Kc4 Bd1 56. Kb5 Bxf3 57. Kc6 Rc8+ 58. Kd6 Rd8+ 59. Kc7 Rd4 60. b7 Bxe4 61. b8=Q Rc4 62. Qe8# 1-0


[Site "https://www.chess.com"]

[Event "Titled Tuesday Blitz November 07 Late 2023"]
[White "GaiozNigalidze"]
[Black "Gerbelli Neto, Eduardo"]
[BlackFideId "2103281"]
[WhiteElo "2722"]
[BlackElo "2391"]
[Result "1-0"]
[Round "1"]
[TimeControl "180+1"]
[Date "2023.11.07"]
[WhiteClock "0:01:26"]
[BlackClock "0:00:49"]
[Board "77"]

1. d4 d5 2. c4 c6 3. cxd5 cxd5 4. Nc3 Nf6 5. Bf4 Nc6 6. e3 e6 7. Nf3 Be7 8. Bd3 a6 9. Ne5 O-O 10. Qf3 g6 11. h4 Nh5 12. Nxc6 bxc6 13. Be5 f6 14. Bh2 e5 15. Bc2 Rb8 16. Bb3 Kh8 17. dxe5 fxe5 18. Bxe5+ Bf6 19. Bxf6+ Rxf6 20. Qe2 a5 21. O-O-O Qb6 22. g4 Ba6 23. Qd2 Ng7 24. f4 Ne6 25. h5 g5 26. Rhf1 Rbf8 27. Rfe1 gxf4 28. exf4 Nxf4 29. g5 Rf5 30. g6 hxg6 31. hxg6 Nd3+ 32. Kb1 Nxe1 33. Qh6+ Kg8 34. Qh7# 1-0


[Site "https://www.chess.com"]

[Event "Titled Tuesday Blitz November 07 Late 2023"]
[White "Semenenko, Dmytry"]
[Black "Martinez Ramirez, Lennis"]
[WhiteFideId "14118645"]
[BlackFideId "3509079"]
[WhiteElo "2382"]
[BlackElo "2718"]
[Result "0-1"]
[Round "1"]
[TimeControl "180+1"]
[Date "2023.11.07"]
[WhiteClock "0:00:00"]
[BlackClock "0:00:23"]
[Board "78"]

1. Nf3 d5 2. c4 e6 3. d4 Nf6 4. Nc3 a6 5. e3 c5 6. cxd5 exd5 7. Bd3 Nc6 8. O-O c4 9. Bc2 Bb4 10. Ne5 O-O 11. f4 Qe7 12. Qf3 Rd8 13. Bd2 Be6 14. Rae1 Nxe5 15. fxe5 Ne8 16. e4 Bxc3 17. bxc3 g6 18. exd5 Bxd5 19. Be4 Nc7 20. Bxd5 Nxd5 21. e6 f6 22. g4 Rac8 23. g5 f5 24. Re5 Qd6 25. Rfe1 Rc7 26. Bf4 Nxf4 27. Qxf4 Re7 28. d5 Qc5+ 29. Qf2 Qa3 30. Qb6 Rd6 31. Qb4 Qxb4 32. cxb4 Kf8 33. Rc1 Rc7 34. a4 c3 35. Rc2 Rc4 36. b5 axb5 37. axb5 Ke7 38. Kf2 f4 39. Kf3 Rd8 40. Re4 Rc5 41. Rd4 Rdxd5 42. Rxd5 Rxd5 43. Rxc3 Kxe6 44. b6 Rxg5 45. Rc7 Rh5 46. Rxb7 Rxh2 47. Rb8 Kd7 48. b7 Kc7 49. Rh8 Kxb7 50. Kxf4 Rh5 51. Kg4 Kc6 52. Rf8 Kd7 53. Rf7+ Ke6 54. Ra7 Kf6 55. Ra6+ Kg7 56. Ra7+ Kh6 57. Ra6 Rb5 58. Rc6 Rb4+ 59. Kg3 Kh5 60. Rc5+ g5 61. Rc7 h6 62. Rc5 Rb3+ 63. Kf2 Kh4 64. Kg2 Rb2+ 65. Kf3 g4+ 66. Kf4 Rf2+ 67. Ke3 Rf8 68. Rc6 h5 69. Rc1 Kg3 70. Rg1+ Kh2 71. Ra1 g3 72. Ra5 h4 73. Rh5 h3 74. Ke2 g2 75. Rg5 g1=Q 0-1


[Site "https://www.chess.com"]

[Event "Titled Tuesday Blitz November 07 Late 2023"]
[White "Akobian, Varuzhan"]
[Black "Kazakov, Mikhail"]
[WhiteFideId "13300580"]
[BlackFideId "14102749"]
[WhiteElo "2716"]
[BlackElo "2375"]
[Result "0-1"]
[Round "1"]
[TimeControl "180+1"]
[Date "2023.11.07"]
[WhiteClock "0:00:00"]
[BlackClock "0:00:05"]
[Board "79"]

1. d4 Nf6 2. c4 g6 3. Nc3 d5 4. Bg5 Bg7 5. Bxf6 Bxf6 6. cxd5 c5 7. dxc5 Qa5 8. Qd2 Nd7 9. e3 Nxc5 10. Nf3 Bd7 11. Rc1 O-O 12. Be2 Rac8 13. O-O Bxc3 14. Qxc3 Qxc3 15. Rxc3 Na4 16. Rxc8 Rxc8 17. Nd4 Rc5 18. b3 Nc3 19. Rc1 Nxe2+ 20. Nxe2 Rxd5 21. Nc3 Rd2 22. Rd1 Rxd1+ 23. Nxd1 e5 24. f3 Kf8 25. Kf2 Ke7 26. e4 Kd6 27. b4 a5 28. a3 axb4 29. axb4 Bb5 30. Nc3 Bc4 31. Ke3 f5 32. g3 Kc6 33. exf5 gxf5 34. f4 Kd6 35. h4 Ke6 36. Na4 Kd6 37. Nc3 Ke6 38. Nb1 Kd5 39. Nd2 Bb5 40. Nf3 e4 41. Ng5 h6 42. Nf7 h5 43. Ne5 Be8 44. Ke2 Bb5+ 45. Ke3 Be8 46. Kf2 Kd4 47. Ke2 Bb5+ 48. Kd2 e3+ 49. Ke1 Ke4 50. Nf7 Kf3 51. Nd6 Bd7 52. Nxb7 Kxg3 53. Nc5 Bb5 54. Ne6 Kxh4 55. Nd4 Bd7 56. Ke2 Kg3 57. Kxe3 h4 58. Nf3 h3 59. Ne5 Bc8 60. Nf3 Bb7 0-1


[Site "https://www.chess.com"]

[Event "Titled Tuesday Blitz November 07 Late 2023"]
[White "Eggleston, Thomas A"]
[Black "MKlose11"]
[WhiteFideId "412139"]
[WhiteElo "2373"]
[BlackElo "2716"]
[Result "0-1"]
[Round "1"]
[TimeControl "180+1"]
[Date "2023.11.07"]
[WhiteClock "0:00:00"]
[BlackClock "0:00:05"]
[Board "80"]

1. e4 e6 2. d4 d5 3. Nc3 Bb4 4. exd5 exd5 5. Bd3 Nc6 6. a3 Bxc3+ 7. bxc3 Nce7 8. g4 Nf6 9. h3 Ne4 10. Ne2 O-O 11. Be3 f5 12. f3 Nd6 13. O-O Ng6 14. Qd2 Nc4 15. Bxc4 dxc4 16. Bg5 Qd5 17. Nf4 Nxf4 18. Bxf4 Bd7 19. Be5 Bc6 20. Qg5 Rf7 21. gxf5 Qd7 22. d5 Bxd5 23. Rad1 Rxf5 24. Qg3 c6 25. Rd4 Raf8 26. Rg4 R8f7 27. h4 Qe7 28. f4 c5 29. Re1 Bc6 30. Bxg7 Qxe1+ 31. Qxe1 Rxg7 32. Qe6+ Rf7 33. Rg5 Rg6 34. f5 Rxg5+ 35. hxg5 Bd7 36. Qxc4 Bxf5 37. Qxc5 b6 38. Qd5 Bxc2 39. Kg2 Bg6 40. Kg3 Kg7 41. Qd8 Rf5 42. Qe7+ Rf7 43. Qe5+ Kf8 44. Qd6+ Kg8 45. Qe6 Kg7 46. a4 Kg8 47. c4 Bf5 48. Qe5 Bc2 49. Qd6 Bxa4 50. Qd8+ Kg7 51. Qd4+ Kg8 52. Qd8+ Kg7 53. Qd4+ Kg8 54. Qe4 Bd7 55. Qa8+ Kg7 56. Qxa7 Bf5 57. Qxb6 Be4 58. Qd4+ Kg6 59. Qxe4+ Kxg5 60. Qe5+ Kg6 61. Qe6+ Rf6 62. Qe4+ Kf7 63. c5 Re6 64. Qxh7+ Ke8 65. Qg8+ Kd7 66. Kf4 Re1 67. Qf7+ Kc6 68. Qc4 Rd1 69. Ke5 Re1+ 70. Kf6 Rd1 71. Ke7 Re1+ 72. Kd8 Re5 0-1


[Site "https://www.chess.com"]

[Event "Titled Tuesday Blitz November 07 Late 2023"]
[White "Pakleza, Zbigniew"]
[Black "Skaric, Djuro"]
[WhiteFideId "1119290"]
[BlackFideId "934569"]
[WhiteElo "2715"]
[BlackElo "2372"]
[Result "1-0"]
[Round "1"]
[TimeControl "180+1"]
[Date "2023.11.07"]
[WhiteClock "0:00:08"]
[BlackClock "0:00:00"]
[Board "81"]

1. d4 d6 2. Nf3 g6 3. Bf4 Bg7 4. e3 Nf6 5. h3 O-O 6. Be2 Nc6 7. c4 Nd7 8. O-O e5 9. Bh2 h6 10. Nc3 f5 11. Rc1 g5 12. dxe5 dxe5 13. Qd5+ Kh8 14. Rfd1 f4 15. exf4 exf4 16. Bd3 Nb6 17. Qxd8 Rxd8 18. b3 Nb4 19. Bb1 Rxd1+ 20. Nxd1 Be6 21. h4 g4 22. Ne1 Re8 23. Bxf4 Bxc4 24. Ne3 Be6 25. Bg3 N4d5 26. Nxd5 Nxd5 27. Bg6 Rc8 28. Nd3 c6 29. Re1 Bg8 30. h5 Nc3 31. Re7 Nd5 32. Rxb7 a5 33. Ne5 c5 34. Nd7 c4 35. bxc4 Rxc4 36. Rb8 Nc7 37. Bf7 Rc1+ 38. Kh2 Bd4 39. Rxg8+ Kh7 40. Rc8 Kg7 41. Bg6 Ne6 42. Rxc1 a4 43. Rd1 Bc3 44. Rd3 Bb2 45. Bf5 Ng5 46. Bxg4 a3 47. Be5+ Bxe5+ 48. Nxe5 Kf6 49. Nf3 Ne4 50. Rxa3 Nxf2 51. Ra6+ Ke7 52. Bh3 Nd3 53. Rxh6 Nf4 54. Ra6 Nxh5 55. a4 Nf4 56. a5 Nd5 57. Rh6 Nb4 58. a6 Nxa6 59. Rxa6 Kf7 60. g4 Kg7 61. g5 Kf7 62. Kg3 Ke7 63. Kf4 Kf7 64. Ke5 Kg7 65. Bf5 Kg8 66. Ra7 1-0


[Site "https://www.chess.com"]

[Event "Titled Tuesday Blitz November 07 Late 2023"]
[White "Dwilewicz, Katarzyna"]
[Black "FrenchHarvey"]
[WhiteFideId "1148486"]
[WhiteElo "2371"]
[BlackElo "2714"]
[Result "0-1"]
[Round "1"]
[TimeControl "180+1"]
[Date "2023.11.07"]
[WhiteClock "0:00:05"]
[BlackClock "0:00:42"]
[Board "82"]

1. e4 c5 2. c3 d6 3. d4 Nf6 4. Bd3 e5 5. Ne2 Nc6 6. d5 Ne7 7. O-O Ng6 8. g3 Bh3 9. Bb5+ Nd7 10. Re1 h5 11. f4 h4 12. f5 hxg3 13. fxg6 gxh2+ 14. Kh1 Bg4 15. gxf7+ Kxf7 16. Rf1+ Nf6 17. Qe1 Kg8 18. Bd3 c4 19. Bc2 Nh5 20. Bd1 Be7 21. Be3 Bg5 22. Bf2 Bf3+ 23. Kxh2 Qd7 24. Bh4 Nf4 25. Rxf3 Bxh4 26. Qf1 Bf2+ 27. Rh3 Rxh3+ 0-1


[Site "https://www.chess.com"]

[Event "Titled Tuesday Blitz November 07 Late 2023"]
[White "Danielyan, Vahe"]
[Black "PapaieDudu"]
[WhiteFideId "13304828"]
[WhiteElo "2713"]
[BlackElo "2367"]
[Result "0-1"]
[Round "1"]
[TimeControl "180+1"]
[Date "2023.11.07"]
[WhiteClock "0:02:27"]
[BlackClock "0:01:27"]
[Board "83"]

1. e4 c5 2. Nc3 e6 3. Nge2 a6 4. g3 d5 5. exd5 exd5 6. d4 Nf6 7. Bg2 Nc6 8. O-O Bg4 9. dxc5 Bxc5 10. h3 Be6 11. Nf4 O-O 12. Ncxd5 Nxd5 13. Nxd5 Rc8 14. Nf4 Bc4 15. Nd3 Bd4 16. Re1 Qf6 17. Qf3 Bxd3 18. cxd3 Bxb2 19. Qxf6 Bxf6 20. Rb1 Nd4 21. Bf4 b5 22. Be4 Rc2 23. Rec1 Ne2+ 0-1


[Site "https://www.chess.com"]

[Event "Titled Tuesday Blitz November 07 Late 2023"]
[White "Hoffmann, Asa"]
[Black "Hilary46"]
[WhiteFideId "2001470"]
[WhiteElo "2364"]
[BlackElo "2709"]
[Result "1/2-1/2"]
[Round "1"]
[TimeControl "180+1"]
[Date "2023.11.07"]
[WhiteClock "0:00:45"]
[BlackClock "0:00:22"]
[Board "84"]

1. d4 d5 2. Bg5 Nd7 3. c4 dxc4 4. Nc3 Nb6 5. e4 Nf6 6. Nf3 Bg4 7. Bxc4 Nxc4 8. Qa4+ Qd7 9. Qxc4 Bxf3 10. gxf3 e6 11. Bxf6 gxf6 12. O-O-O O-O-O 13. Kb1 Rg8 14. d5 Bd6 15. Nb5 Kb8 16. Rc1 e5 17. Rc2 a6 18. Nxd6 cxd6 19. Rhc1 Rc8 20. Qb4 Rxc2 21. Rxc2 Rc8 22. Rxc8+ Kxc8 23. Qd2 Qh3 24. Qc2+ Kb8 25. Qe2 Qxh2 26. a3 h5 27. Qe3 Kc7 28. Qh6 h4 29. Qxf6 h3 30. Qe7+ Kc8 31. Qf8+ Kc7 32. Qe7+ Kc8 33. Qf8+ Kc7 34. Qe7+ 1/2-1/2


[Site "https://www.chess.com"]

[Event "Titled Tuesday Blitz November 07 Late 2023"]
[White "Koellner, Ruben Gideon"]
[Black "Lacey, Patrick"]
[WhiteFideId "12993093"]
[BlackFideId "2032007"]
[WhiteElo "2702"]
[BlackElo "2364"]
[Result "1-0"]
[Round "1"]
[TimeControl "180+1"]
[Date "2023.11.07"]
[WhiteClock "0:01:31"]
[BlackClock "0:00:00"]
[Board "85"]

1. d4 Nf6 2. Nf3 d5 3. e3 Nc6 4. Bb5 Bg4 5. c4 Bxf3 6. gxf3 e6 7. Nc3 Bb4 8. Qa4 Qd7 9. Bxc6 Bxc3+ 10. bxc3 Qxc6 11. Qxc6+ bxc6 12. Ba3 Kd7 13. Kd2 Rhb8 14. Rab1 Ne8 15. Rhg1 g6 16. h4 h5 17. e4 dxc4 18. Ke3 Nd6 19. Bc5 a5 20. a4 Rb3 21. Rxb3 cxb3 22. Kd3 Rb8 23. Rb1 f5 24. Rb2 fxe4+ 25. fxe4 e5 26. dxe5 Nf7 27. f4 Ke6 28. Kc4 g5 29. hxg5 h4 30. g6 1-0


[Site "https://www.chess.com"]

[Event "Titled Tuesday Blitz November 07 Late 2023"]
[White "Bashylina, Luisa"]
[Black "Hasangatin, Ramil"]
[WhiteFideId "12983292"]
[BlackFideId "4122160"]
[WhiteElo "2364"]
[BlackElo "2697"]
[Result "0-1"]
[Round "1"]
[TimeControl "180+1"]
[Date "2023.11.07"]
[WhiteClock "0:00:29"]
[BlackClock "0:01:16"]
[Board "86"]

1. Nf3 d5 2. g3 Nc6 3. d4 Bf5 4. Bg2 Nb4 5. Na3 e6 6. O-O Nf6 7. c3 Nc6 8. Nc2 Be7 9. Ne5 Nxe5 10. dxe5 Nd7 11. f4 O-O 12. Nd4 Bg6 13. Be3 c5 14. Nf3 Be4 15. Qd2 b5 16. Rad1 a5 17. g4 Nb6 18. Ng5 Bxg2 19. Kxg2 Nc4 20. Qc1 Bxg5 21. fxg5 Qc7 22. Bf4 Rad8 23. b3 Nxe5 24. Qe3 Nxg4 25. Qg3 e5 26. Qxg4 exf4 27. Rxf4 Qe5 28. Rf5 Qe6 29. Qf3 Rfe8 30. Rfxd5 Rxd5 31. Rxd5 g6 32. Rd2 c4 33. bxc4 Qxc4 34. Kh1 a4 35. Qd3 a3 36. Qxc4 bxc4 37. Kg2 Re3 38. Rc2 Kf8 39. Kf2 Rh3 40. Kg2 Rh5 41. Kf3 Rxg5 42. Ke4 Rb5 43. Ke3 Rb2 44. Kd2 Rxc2+ 45. Kxc2 Ke7 46. Kd2 Ke6 47. Ke3 Ke5 48. Kf3 f5 49. Ke3 g5 50. Kf3 h5 51. Ke3 g4 52. Kf2 Ke4 53. e3 f4 54. exf4 Kxf4 55. Kg2 h4 56. Kf2 Ke4 57. Ke2 g3 58. hxg3 hxg3 59. Kf1 Kd3 60. Kg2 Kxc3 61. Kxg3 Kb2 62. Kf3 c3 63. Ke3 c2 64. Kd2 c1=Q+ 65. Kd3 Kxa2 66. Kd4 0-1


[Site "https://www.chess.com"]

[Event "Titled Tuesday Blitz November 07 Late 2023"]
[White "Prithu Gupta"]
[Black "Papasimakopoulos, Alexandros"]
[WhiteFideId "46618546"]
[BlackFideId "4244125"]
[WhiteElo "2356"]
[BlackElo "2690"]
[Result "1-0"]
[Round "1"]
[TimeControl "180+1"]
[Date "2023.11.07"]
[WhiteClock "0:00:14"]
[BlackClock "0:01:37"]
[Board "88"]

1. c4 e6 2. g3 d5 3. Bg2 c6 4. Nf3 Nf6 5. O-O Be7 6. b3 a5 7. Bb2 a4 8. bxa4 Nbd7 9. cxd5 exd5 10. Nc3 O-O 11. d3 Nc5 12. Nd4 Re8 13. Qc2 Bf8 14. e3 Bg4 15. h3 Bh5 16. Ba3 Bg6 17. Bxc5 Bxc5 18. Nce2 Nd7 19. Rfb1 Ra7 20. Rb3 Qa8 21. Rab1 Bxd4 22. Nxd4 h6 23. a5 Ne5 24. f4 Nxd3 25. f5 Ne5 26. fxg6 Nxg6 27. a6 Rxa6 28. Rxb7 Rxa2 29. Qf5 Ne5 30. Nxc6 Ra1 31. Nxe5 Qxb7 32. Rxa1 Qe7 33. Qxf7+ Qxf7 34. Nxf7 Kxf7 35. Bxd5+ Kf6 36. e4 Rb8 37. Rf1+ Ke5 38. Kg2 g6 39. h4 Rb2+ 40. Kh3 Rb6 41. h5 gxh5 42. Rf5+ Kd4 43. Rxh5 Ke3 44. Kg4 Rg6+ 45. Kf5 Rxg3 46. Rxh6 Kd4 47. Rc6 Rf3+ 48. Ke6 Rh3 49. Rc4+ Ke3 50. Rc3+ Kf4 51. Rxh3 1-0


[Site "https://www.chess.com"]

[Event "Titled Tuesday Blitz November 07 Late 2023"]
[White "Luczak, Filip"]
[Black "Martinez, Shawn"]
[WhiteFideId "1193686"]
[BlackFideId "2039770"]
[WhiteElo "2689"]
[BlackElo "2355"]
[Result "1-0"]
[Round "1"]
[TimeControl "180+1"]
[Date "2023.11.07"]
[WhiteClock "0:00:21"]
[BlackClock "0:00:11"]
[Board "89"]

1. d4 g6 2. e4 Bg7 3. Nf3 b6 4. Bd3 Bb7 5. Qe2 h6 6. O-O e6 7. c3 Ne7 8. Bf4 d6 9. Nbd2 Nd7 10. h3 g5 11. Bg3 Ng6 12. Rad1 Qe7 13. Rfe1 a6 14. Nc4 h5 15. e5 g4 16. Nh2 d5 17. Bxg6 fxg6 18. Ne3 h4 19. Qxg4 hxg3 20. Qxg6+ Kd8 21. fxg3 Nf8 22. Qg4 Bc6 23. Rf1 b5 24. a3 Be8 25. Qf3 Bg6 26. g4 Kc8 27. Nf5 exf5 28. gxf5 Bxf5 29. Qxd5 Rb8 30. Rxf5 Qd7 31. Qe4 Ne6 32. Rdf1 Rf8 33. Rxf8+ Bxf8 34. Ng4 c6 35. Nf6 Qc7 36. Qg4 Qe7 37. Ng8 Qe8 38. Rxf8 Qxf8 39. Qxe6+ Kc7 40. Nf6 Rd8 41. b4 a5 42. h4 axb4 43. axb4 Ra8 44. Kh2 Qh6 45. Nd5+ cxd5 46. Qxh6 1-0


[Site "https://www.chess.com"]

[Event "Titled Tuesday Blitz November 07 Late 2023"]
[White "Kujawski, Adam"]
[Black "Kavutskiy, Konstantin"]
[WhiteFideId "1100920"]
[BlackFideId "2026384"]
[WhiteElo "2355"]
[BlackElo "2687"]
[Result "0-1"]
[Round "1"]
[TimeControl "180+1"]
[Date "2023.11.07"]
[WhiteClock "0:01:31"]
[BlackClock "0:01:36"]
[Board "90"]

1. e4 c5 2. Nf3 Nc6 3. Nc3 e5 4. Bc4 d6 5. d3 h6 6. h3 g6 7. a4 Bg7 8. Nd2 Nge7 9. Nf1 O-O 10. Ne3 Kh7 11. g4 Nd4 12. Ncd5 b6 13. c3 Ne6 14. Bd2 Bb7 15. Nxe7 Qxe7 16. Bd5 Nf4 17. Bc1 Bxd5 18. Nxd5 Nxd5 19. exd5 e4 20. O-O Qh4 21. Kg2 f5 22. dxe4 fxe4 23. f4 exf3+ 24. Rxf3 Be5 25. Bd2 Kg7 26. Qe2 Rxf3 27. Qxf3 Rf8 28. Qe3 Bf4 29. Qe2 Qg3+ 30. Kh1 Qxh3+ 31. Kg1 Bxd2 32. Qxd2 Rf3 33. Qh2 Qxg4+ 0-1


[Site "https://www.chess.com"]

[Event "Titled Tuesday Blitz November 07 Late 2023"]
[White "Barrientos, Sergio E"]
[Black "Fernandez Siles, Luis"]
[WhiteFideId "4401824"]
[BlackFideId "2209420"]
[WhiteElo "2686"]
[BlackElo "2354"]
[Result "1-0"]
[Round "1"]
[TimeControl "180+1"]
[Date "2023.11.07"]
[WhiteClock "0:00:50"]
[BlackClock "0:00:30"]
[Board "91"]

1. d4 Nf6 2. c4 g6 3. Nc3 d5 4. Nf3 Bg7 5. e3 O-O 6. Be2 c5 7. O-O cxd4 8. exd4 Nc6 9. h3 b6 10. Re1 Bb7 11. cxd5 Nxd5 12. Bg5 Rc8 13. Rc1 h6 14. Bd2 e6 15. Qa4 Nxc3 16. bxc3 e5 17. Be3 exd4 18. cxd4 Na5 19. Ne5 Rxc1 20. Rxc1 Qh4 21. Qb5 f5 22. Nxg6 Qf6 23. Nxf8 Bxf8 24. Qd7 Bd6 25. Bf3 Bxf3 26. gxf3 f4 27. Rc8+ Bf8 28. Qg4+ Kh8 29. Qxf4 1-0


[Site "https://www.chess.com"]

[Event "Titled Tuesday Blitz November 07 Late 2023"]
[White "Marcziter, Dmitrii"]
[Black "Leiva, Gianmarco"]
[WhiteFideId "13900765"]
[BlackFideId "3804399"]
[WhiteElo "2349"]
[BlackElo "2684"]
[Result "0-1"]
[Round "1"]
[TimeControl "180+1"]
[Date "2023.11.07"]
[WhiteClock "0:00:19"]
[BlackClock "0:00:59"]
[Board "92"]

1. d4 Nf6 2. c4 e6 3. Nf3 d5 4. Bg5 dxc4 5. a4 c5 6. e3 cxd4 7. exd4 Bb4+ 8. Nc3 Qa5 9. Bd2 O-O 10. Bxc4 b6 11. O-O Bb7 12. Ne5 Nc6 13. Be3 Nxe5 14. dxe5 Qxe5 15. Bd4 Qg5 16. f3 Rfd8 17. Kh1 Qh4 18. Ne2 Rac8 19. Qb3 Rxd4 20. Nxd4 Qxd4 21. Qxb4 Qxc4 22. Qxc4 Rxc4 23. b3 Rc8 24. a5 Bd5 25. axb6 axb6 26. b4 b5 27. Rfc1 Bc4 28. Rd1 Nd5 29. Rdb1 g5 30. Kg1 Kg7 31. Kf2 Kf6 32. Ra7 h5 33. g3 Bd3 34. Rb2 Rc1 35. h3 Rf1+ 36. Kg2 Ne3+ 37. Kh2 Rxf3 38. Rd7 Be4 39. Rd4 Bd5 40. h4 g4 41. Rf4+ Rxf4 42. gxf4 Nf5 43. Rc2 Nxh4 44. Rc5 Nf3+ 45. Kg3 Kf5 46. Rxb5 h4+ 47. Kf2 Kxf4 48. Rb8 g3+ 49. Kg2 Ng5+ 50. Kf1 g2+ 51. Kf2 Nh3+ 0-1


[Site "https://www.chess.com"]

[Event "Titled Tuesday Blitz November 07 Late 2023"]
[White "Zeltsan, Joseph"]
[Black "Jarocka, Liwia"]
[WhiteFideId "30932980"]
[BlackFideId "21807558"]
[WhiteElo "2683"]
[BlackElo "2349"]
[Result "1-0"]
[Round "1"]
[TimeControl "180+1"]
[Date "2023.11.07"]
[WhiteClock "0:00:23"]
[BlackClock "0:00:11"]
[Board "93"]

1. e4 c5 2. Nf3 e6 3. d4 cxd4 4. Nxd4 Nf6 5. Nc3 a6 6. e5 Ng8 7. Bf4 Nc6 8. Nxc6 bxc6 9. Bc4 Ne7 10. O-O Nd5 11. Bg3 Rb8 12. Bb3 Be7 13. Ne4 O-O 14. c4 Nc7 15. Qh5 g6 16. Qh6 Ne8 17. c5 Rb4 18. Rfe1 f5 19. exf6 Bxf6 20. Rad1 Bg7 21. Qh3 Qa5 22. Bd6 Nxd6 23. Nxd6 Qxc5 24. Nxc8 Qxf2+ 25. Kh1 Rxc8 26. Bxe6+ Kh8 27. Bxd7 Rf8 28. Bxc6 Rxb2 29. a4 Rd2 30. Bf3 Rxd1 31. Rxd1 Qc2 32. Qd7 a5 33. h3 Qc3 34. Qb7 Qb4 35. Qxb4 axb4 36. a5 b3 37. a6 Rf7 38. Rd8+ Bf8 39. a7 Rxa7 40. Rxf8+ Kg7 41. Rb8 Ra1+ 42. Kh2 Rb1 43. Bd5 b2 44. Ba2 1-0


[Site "https://www.chess.com"]

[Event "Titled Tuesday Blitz November 07 Late 2023"]
[White "Ward, Ieuan C"]
[Black "Arifarsky"]
[WhiteFideId "406627"]
[WhiteElo "2346"]
[BlackElo "2681"]
[Result "0-1"]
[Round "1"]
[TimeControl "180+1"]
[Date "2023.11.07"]
[WhiteClock "0:01:17"]
[BlackClock "0:02:18"]
[Board "94"]

1. d4 Nf6 2. c4 e6 3. Nf3 d5 4. Nc3 a6 5. Bg5 dxc4 6. e4 b5 7. e5 h6 8. Bh4 g5 9. Nxg5 hxg5 10. Bxg5 Nbd7 11. Qf3 Rb8 12. exf6 Bb7 13. Qg3 Bd6 14. Bf4 Nxf6 15. Bxd6 Qxd6 16. Qg7 Ke7 17. d5 Qe5+ 0-1


[Site "https://www.chess.com"]